Match 33542896
Unlisted

Match 33542896
End
Kettenkrad Recon Vehicle
Construct Infanterie Kompanie
MG 42 Machine Gun Team
Sniper
Grenadier Squad
GrW 34 Mortar Team
Medical Station
Construct Luftwaffe Kompanie
Jäger Squad
Jäger Squad
Jäger Squad
GrW 34 Mortar Team
Construct Panzer Kompanie
Sturmpanzer IV Brummbär
Selects Mechanized Battlegroup
Selects Raid Package
Selects StuG Assault Group
Selects UNKNOWN (2160084)
Selects Spotting Scopes
Panther Heavy Tank
Repair Bunker
Selects Wespe Self-propelled Artillery
Wespe Self-propelled Artillery
Panther Heavy Tank
Selects Zeroing Artillery Barrage
Zeroing Artillery Barrage
Zeroing Artillery Barrage
Stoßtruppen Squad
Dr. CoH
UneXplain
Voodoo408
AJC06
Bruistablet
Professor gibberish
Baba Voss
PasDeQuartier
0
0

Comments sign in to comment!

No comments posted yet!